 Dungeon Crawl Stone Soup version 0.30-a0-55-g90e3122c3a (webtiles) character file.

Game seed: 12924789870320642240

97 LnG the Trooper (level 4, -6/40 HPs)
             Began as a Hill Orc Fighter on Sept 9, 2022.
             Mangled by an ogre
             ... wielding a +0 giant club
              (8 damage)
             ... on level 3 of the Dungeon.
             The game lasted 00:05:01 (2064 turns).

LnG the Trooper (Hill Orc Fighter)                  Turns: 2064, Time: 00:05:02

Health: -6/40      AC:  9    Str: 20    XL:     4   Next: 68%
Magic:  4/4        EV:  9    Int:  8    God:
Gold:   91         SH:  4    Dex: 10    Spells: 3/3 levels left

rFire   . . .      SeeInvis .    a - +0 war axe
rCold   . . .      Faith    .    c - +0 buckler
rNeg    . . .      Spirit   .    b - +0 scale mail
rPois   +          Reflect  .    (no helmet)
rElec   .          Harm     .    f - +0 cloak
rCorr   .          Rampage  .    q - +0 pair of gloves
Will    .....                    (no boots)
Stlth   ..........               (no amulet)
HPRegen 0.13/turn                r - ring of poison resistance
MPRegen 0.09/turn                (no ring)

@: no status effects
A: no striking features
a: no special abilities


You were on level 3 of the Dungeon.
You visited 1 branch of the dungeon, and saw 3 of its levels.

You collected 91 gold pieces.

Inventory:

Hand Weapons
 a - a +0 war axe (weapon)
Missiles
 e - 4 silver boomerangs
 i - 6 boomerangs (quivered)
Armour
 b - a +0 scale mail (worn)
 c - a +0 buckler (worn)
 f - a +0 cloak (worn)
 g - a +0 ring mail
 q - a +0 pair of gloves (worn)
Jewellery
 r - a ring of poison resistance (left hand)
 u - a ring of fire
Scrolls
 h - a scroll of summoning {unknown}
 j - a scroll of noise {unknown}
 k - a scroll of enchant armour {unknown}
 s - 4 scrolls of teleportation {unknown}
 t - 4 scrolls of identify {unknown}
Potions
 d - 2 potions of might
 l - a potion of attraction {unknown}
 m - a potion of lignification {unknown}
 n - 3 potions of flight {unknown}
 o - a potion of curing {unknown}
 p - 2 potions of heal wounds {unknown}


   Skills:
 + Level 4.2 Fighting
 + Level 4.1 Axes
 + Level 4.1 Armour
 + Level 0.9 Dodging
 + Level 3.6 Shields


You had 3 spell levels left.
You didn't know any spells.
Your spell library was empty.

Dungeon Overview and Level Annotations

Branches:
Dungeon (3/15)

Altars:
Dithmenos
Okawaru


Message History

The quokka bites you but does no damage.
The quokka barely misses you.
You barely miss the quokka.
The quokka is severely wounded.
You block the quokka's attack.
You hit the quokka.
You kill the quokka!
You see here a quokka corpse.
Found 13 gold pieces.
An ogre comes into view. It is wielding a +0 giant club.
The ogre shouts!
The ogre moves out of view.
The ogre barely misses you.
You hit the ogre.
The ogre is lightly wounded.
You block the ogre's attack.
You hit the ogre.
The ogre is moderately wounded.
You slash the ogre!
The ogre is severely wounded.
The ogre hits you with a +0 giant club!
You hit the ogre but do no damage.
The ogre is severely wounded.
The ogre hits you with a +0 giant club!!
* * * LOW HITPOINT WARNING * * *
You barely miss the ogre.
The ogre is severely wounded.
The ogre barely misses you.
You completely miss the ogre.
The ogre is severely wounded.
The ogre hits you with a +0 giant club.
* * * LOW HITPOINT WARNING * * *
You hit the ogre.
The ogre is almost dead.
The ogre hits you with a +0 giant club!
* * * LOW HITPOINT WARNING * * *
You hit the ogre but do no damage.
The ogre is almost dead.
The ogre hits you with a +0 giant club!
You die...

................##
...............##
########...........##
#...........†.....###
#............####....
#............# #....
#............# #....
#............# #....
##..@############....
#..O# #.......†..
#...# #........†.
#...# #..........
#...# #..........
#...# #..........
##### #..........
#..........
#..........


You could see an ogre.

Vanquished Creatures
  3 adders
  3 worms (D:2)
  3 dart slugs
  2 endoplasms (D:1)
  3 giant cockroaches
  8 goblins
  3 hobgoblins
  6 jackals
  4 kobolds
  2 quokkas
  3 ball pythons
  4 bats
  3 frilled lizards
  5 rats
52 creatures vanquished.

Notes
Turn   | Place    | Note
-------+----------+-------------------------------------------
     0 | D:1      | LnG the Hill Orc Fighter began the quest for the Orb.
     0 | D:1      | Reached XP level 1. HP: 19/19 MP: 1/1
    31 | D:1      | Found a faded altar of an unknown god.
    87 | D:1      | Reached XP level 2. HP: 27/27 MP: 2/2
   788 | D:2      | Reached XP level 3. HP: 25/33 MP: 3/3
  1089 | D:2      | Reached XP level 4. HP: 40/40 MP: 4/4
  1633 | D:3      | Found an iron altar of Okawaru.
  1689 | D:3      | Found a shadowy altar of Dithmenos.
  2054 | D:3      | Noticed an ogre
  2063 | D:3      | HP: 2/40 [ogre/+0 giant club (7)]
  2064 | D:3      | Mangled by an ogre

Illustrated notes

Levels and vault maps discovered:
D:1:      psy_arrival_basics, layout_loops_ring,
          hellmonk_ecumenical_altar_run_dry
D:2:      layout_loops_cross, minmay_small_reverse_x
D:3:      layout_basic, kennysheep_okawaru_gauntlet,
          nicolae_dithmenos_the_darkroom, portal_sewer_entry_a,
          grunt_ministairs_8, eino_tiny_chamber

Skill      XL: |  1  2  3  4 |
---------------+-------------+-----
Axes           | 3 4 |  4.1
Fighting       | 4 |  4.2
Armour         | 4 |  4.1
Dodging        | |  0.9
Shields        | |  3.6

Action                   |  1- 3 |  4- 6 || total
-------------------------+-------+-------++-------
Melee: War axe           |   102 |    69 ||   171
Armor: Scale mail        |    53 |    41 ||    94
Dodge: Dodged            |    42 |    35 ||    77
Block: Buckler           |    22 |    15 ||    37

Table legend: (Time is in decaauts)
 A = Elapsed time spent in this place.
 B = Non-inter-level travel time spent in this place.
 C = Inter-level travel time spent in this place.
 D = Time resting spent in this place.
 E = Time spent auto-exploring this place.
 F = Levels seen in this place.
 G = Mean time per level.
                   A        B        C        D        E       F      G
               +--------+--------+--------+--------+--------+-----+--------+
         Total |   2125 |   1990 |    135 |     70 |   1241 |   3 |  708.3 |
       Dungeon |   2125 |   1990 |    135 |     70 |   1241 |   3 |  708.3 |
               +--------+--------+--------+--------+--------+-----+--------+

Top non-repeatable levels by time:
     D:2: 1029 daAuts
     D:1: 770 daAuts
     D:3: 326 daAuts
